[ PARTIDA AOE2 · #487051114 ]
Team RMMagiares vs Portuguese
[ ANÁLISIS DE REPETICIÓN · EXTRAÍDO DE LA PARTIDA GRABADA ]
Feudal
18:22
Castillos
25:30
Imperial
—
| APM promedio | 12.4 |
| APM pico | 42 |
| eAPM promedio | 8.1 |
| Aldeanos / militares | 55 / 14 |
Foco
⚔️ 16.0% · 🌾 84.0%
Fishing Ship ×28 · Magyar Huszar ×14
Feudal
11:00
Castillos
15:03
Imperial
30:46
| APM promedio | 22.3 |
| APM pico | 45 |
| eAPM promedio | 15.5 |
| Aldeanos / militares | 131 / 83 |
Foco
⚔️ 20.1% · 🌾 79.9%
Knight ×58 · Throwing Axeman ×18 · Trebuchet (Packed) ×4 · Trade Cart ×3 · Bombard Cannon ×2 · Monk ×1
Feudal
13:03
Castillos
20:11
Imperial
36:54
| APM promedio | 18.9 |
| APM pico | 71 |
| eAPM promedio | 12.7 |
| Aldeanos / militares | 94 / 74 |
Foco
⚔️ 28.0% · 🌾 72.0%
Spearman ×22 · Skirmisher ×21 · Scorpion ×14 · Scout Cavalry ×10 · Trade Cart ×4 · Fishing Ship ×3
Feudal
14:12
Castillos
25:36
Imperial
36:00
| APM promedio | 12.7 |
| APM pico | 35 |
| eAPM promedio | 9.1 |
| Aldeanos / militares | 95 / 72 |
Foco
⚔️ 35.7% · 🌾 64.3%
Chu Ko Nu ×38 · Scorpion ×33 · Monk ×1
Feudal
9:14
Castillos
16:07
Imperial
30:03
| APM promedio | 27.0 |
| APM pico | 85 |
| eAPM promedio | 19.2 |
| Aldeanos / militares | 147 / 152 |
Foco
⚔️ 32.0% · 🌾 68.0%
Battle Elephant ×55 · Spearman ×53 · Archer ×24 · Bombard Cannon ×15 · Monk ×3 · Fishing Ship ×3
Feudal
12:29
Castillos
16:34
Imperial
34:04
| APM promedio | 22.2 |
| APM pico | 72 |
| eAPM promedio | 12.1 |
| Aldeanos / militares | 125 / 130 |
Foco
⚔️ 19.5% · 🌾 80.5%
Spearman ×105 · Bombard Cannon ×12 · Organ Gun ×11 · Monk ×2
Feudal
10:46
Castillos
21:35
Imperial
31:20
| APM promedio | 8.6 |
| APM pico | 30 |
| eAPM promedio | 7.6 |
| Aldeanos / militares | 79 / 10 |
Foco
⚔️ 9.1% · 🌾 90.9%
Bombard Cannon ×6 · Trebuchet (Packed) ×4
Feudal
12:33
Castillos
22:55
Imperial
35:16
| APM promedio | 12.9 |
| APM pico | 37 |
| eAPM promedio | 8.5 |
| Aldeanos / militares | 80 / 46 |
Foco
⚔️ 26.4% · 🌾 73.6%
Knight ×39 · Militia ×3 · Monk ×2 · Trebuchet (Packed) ×2
Mapa de la partida
Recursos iniciales + cada clic de construcción. Líneas = muros · curvas = relieve. ◆ oro · ⬟ piedra · ● bayas · ✦ reliquia · ◌ hueco del cierre
Tu base· ✓ Cerrada en 25:30 · 46t muro · sin puerta
Base de 531055658123· ✓ Cerrada en 15:03 · 3t muro · sin puerta
Base de shenyany· ✓ Cerrada en 20:11 · 37t muro · sin puerta
Base de noze02· ✓ Cerrada en 25:36 · 34t muro · sin puerta
Base de xxy· ✓ Cerrada en 16:07 · 11t muro · 1 puerta(s)
Base de juhamate7· ✓ Cerrada en 16:34 · 11t muro · sin puerta
Base de 玛卡巴卡izz· ✓ Cerrada en 21:35 · 16t muro · sin puerta
Base de 626464865· ✓ Cerrada en 22:55 · 16t muro · 1 puerta(s)
Terreno inicial suavizado · ◌ = hueco del cierre detectado · pasá el cursor para detalles
Inputs por minuto
— Enma Ai7591 - - 531055658123
Build order — Enma Ai7591
Primeras 150 de 183 acciones detectadas
| 0:07 | Construir | House |
| 0:09 | Construir | House |
| 0:15 | Crear | Villager (Male) |
| 0:15 | Crear | Villager (Male) |
| 0:15 | Crear | Villager (Male) |
| 0:16 | Crear | Villager (Male) |
| 1:29 | Construir | Palisade Wall |
| 2:02 | Crear | Villager (Male) |
| 2:02 | Crear | Villager (Male) |
| 2:34 | Crear | Villager (Male) |
| 2:35 | Crear | Villager (Male) |
| 3:25 | Crear | Villager (Male) |
| 3:25 | Crear | Villager (Male) |
| 3:25 | Crear | Villager (Male) |
| 3:26 | Crear | Villager (Male) |
| 4:36 | Construir | Palisade Wall |
| 4:39 | Crear | Villager (Male) |
| 4:39 | Crear | Villager (Male) |
| 4:39 | Crear | Villager (Male) |
| 5:43 | Construir | Palisade Wall |
| 6:11 | Crear | Villager (Male) |
| 6:11 | Crear | Villager (Male) |
| 6:11 | Crear | Villager (Male) |
| 6:11 | Crear | Villager (Male) |
| 6:20 | Construir | House |
| 7:07 | Construir | Palisade Wall |
| 7:24 | Crear | Villager (Male) |
| 7:24 | Crear | Villager (Male) |
| 7:24 | Crear | Villager (Male) |
| 7:51 | Crear | Villager (Male) |
| 7:52 | Crear | Villager (Male) |
| 7:52 | Crear | Villager (Male) |
| 9:22 | Construir | Palisade Wall |
| 9:36 | Construir | Palisade Wall |
| 10:56 | Construir | Mill |
| 11:16 | Construir | House |
| 11:35 | Crear | Villager (Male) |
| 12:22 | Construir | Mill |
| 13:33 | Construir | House |
| 14:07 | Construir | Lumber Camp |
| 14:32 | Crear | Villager (Male) |
| 14:32 | Crear | Villager (Male) |
| 14:32 | Crear | Villager (Male) |
| 15:27 | Construir | Mill |
| 15:42 | Crear | Villager (Male) |
| 15:55 | Investigar | Feudal Age |
| 17:19 | Construir | Dock |
| 18:22 | Edad | Edad Feudal |
| 18:22 | Construir | Mining Camp |
| 18:49 | Construir | Lumber Camp |
| 18:56 | Investigar | Tech 906 |
| 19:27 | Crear | Fishing Ship |
| 19:28 | Crear | Fishing Ship |
| 19:28 | Crear | Fishing Ship |
| 19:28 | Crear | Fishing Ship |
| 19:28 | Crear | Fishing Ship |
| 19:29 | Crear | Fishing Ship |
| 19:54 | Construir | Blacksmith |
| 20:03 | Construir | Market |
| 20:32 | Construir | Market |
| 20:54 | Construir | Mining Camp |
| 20:57 | Crear | Villager (Male) |
| 21:00 | Investigar | Wheelbarrow |
| 21:07 | Investigar | Double-Bit Axe |
| 21:12 | Investigar | Horse Collar |
| 21:15 | Investigar | Stone Mining |
| 21:19 | Investigar | Gold Mining |
| 21:38 | Investigar | Scale Barding Armor |
| 22:50 | Investigar | Castle Age |
| 23:42 | Crear | Fishing Ship |
| 24:50 | Construir | Fish Trap |
| 24:52 | Crear | Fishing Ship |
| 24:52 | Crear | Fishing Ship |
| 24:52 | Crear | Fishing Ship |
| 24:53 | Crear | Fishing Ship |
| 24:53 | Crear | Fishing Ship |
| 24:53 | Crear | Fishing Ship |
| 25:06 | Construir | House |
| 25:08 | Construir | House |
| 25:30 | Edad | Edad de los Castillos |
| 26:02 | Crear | Fishing Ship |
| 26:02 | Crear | Fishing Ship |
| 26:03 | Crear | Fishing Ship |
| 26:03 | Crear | Fishing Ship |
| 26:05 | Crear | Fishing Ship |
| 26:34 | Construir | Dock |
| 26:44 | Construir | Fish Trap |
| 26:51 | Crear | Villager (Male) |
| 26:52 | Crear | Villager (Male) |
| 27:07 | Crear | Villager (Male) |
| 27:07 | Crear | Villager (Male) |
| 27:25 | Construir | Fish Trap |
| 27:29 | Crear | Fishing Ship |
| 27:29 | Crear | Fishing Ship |
| 27:47 | Construir | Dock |
| 28:27 | Construir | Fish Trap |
| 28:53 | Construir | Fish Trap |
| 29:00 | Construir | Fish Trap |
| 29:03 | Construir | Fish Trap |
| 29:08 | Construir | Fish Trap |
| 29:13 | Construir | Fish Trap |
| 29:27 | Construir | Fish Trap |
| 29:29 | Crear | Fishing Ship |
| 29:29 | Crear | Fishing Ship |
| 29:30 | Crear | Fishing Ship |
| 29:31 | Crear | Fishing Ship |
| 29:58 | Construir | Castle |
| 30:04 | Construir | Castle |
| 30:13 | Construir | Fish Trap |
| 30:19 | Crear | Fishing Ship |
| 30:19 | Crear | Fishing Ship |
| 30:25 | Construir | House |
| 30:27 | Construir | House |
| 30:29 | Construir | House |
| 30:37 | Construir | Fish Trap |
| 31:11 | Crear | Villager (Male) |
| 31:12 | Crear | Villager (Male) |
| 31:12 | Crear | Villager (Male) |
| 31:12 | Crear | Villager (Male) |
| 31:16 | Investigar | Hand Cart |
| 32:16 | Construir | House |
| 32:18 | Construir | House |
| 32:19 | Construir | House |
| 32:20 | Construir | House |
| 32:21 | Construir | House |
| 32:37 | Construir | Fish Trap |
| 32:39 | Construir | Fish Trap |
| 32:53 | Construir | Mining Camp |
| 33:04 | Construir | Fish Trap |
| 33:13 | Construir | Fish Trap |
| 33:27 | Construir | Fish Trap |
| 33:34 | Construir | Fish Trap |
| 33:49 | Crear | Fishing Ship |
| 34:12 | Crear | Fishing Ship |
| 34:59 | Investigar | Gillnets |
| 35:09 | Construir | House |
| 35:11 | Construir | House |
| 35:27 | Investigar | Corvinian Army |
| 35:33 | Crear | Villager (Male) |
| 35:33 | Crear | Villager (Male) |
| 35:33 | Crear | Villager (Male) |
| 35:33 | Crear | Villager (Male) |
| 35:34 | Crear | Villager (Male) |
| 35:44 | Construir | Barracks |
| 35:54 | Construir | Lumber Camp |
| 36:26 | Construir | Stable |
| 36:34 | Crear | Villager (Male) |
| 36:34 | Crear | Villager (Male) |
| 36:34 | Crear | Villager (Male) |
| 36:50 | Construir | House |
Build order — 531055658123
Primeras 150 de 332 acciones detectadas
| 0:07 | Construir | House |
| 0:09 | Construir | House |
| 0:10 | Crear | Villager (Male) |
| 0:10 | Crear | Villager (Male) |
| 0:10 | Crear | Villager (Male) |
| 0:11 | Crear | Villager (Male) |
| 0:11 | Crear | Villager (Male) |
| 1:34 | Crear | Villager (Male) |
| 1:34 | Crear | Villager (Male) |
| 2:05 | Construir | Lumber Camp |
| 2:10 | Crear | Villager (Male) |
| 2:10 | Crear | Villager (Male) |
| 2:32 | Crear | Villager (Male) |
| 2:33 | Crear | Villager (Male) |
| 2:33 | Crear | Villager (Male) |
| 3:07 | Crear | Villager (Male) |
| 3:21 | Crear | Villager (Male) |
| 3:31 | Construir | House |
| 3:34 | Construir | House |
| 3:56 | Construir | Palisade Wall |
| 3:56 | Construir | Palisade Wall |
| 3:59 | Crear | Villager (Male) |
| 4:26 | Crear | Villager (Male) |
| 4:26 | Crear | Villager (Male) |
| 4:55 | Crear | Villager (Male) |
| 4:55 | Crear | Villager (Male) |
| 5:04 | Construir | Mill |
| 5:34 | Crear | Villager (Male) |
| 5:35 | Crear | Villager (Male) |
| 5:35 | Crear | Villager (Male) |
| 5:36 | Crear | Villager (Male) |
| 6:11 | Crear | Villager (Male) |
| 6:29 | Crear | Villager (Male) |
| 7:01 | Crear | Villager (Male) |
| 7:35 | Crear | Villager (Male) |
| 8:02 | Construir | Mill |
| 8:16 | Crear | Villager (Male) |
| 8:50 | Investigar | Feudal Age |
| 11:00 | Edad | Edad Feudal |
| 11:05 | Crear | Villager (Male) |
| 11:05 | Crear | Villager (Male) |
| 11:15 | Construir | Blacksmith |
| 11:21 | Construir | Market |
| 11:48 | Crear | Villager (Male) |
| 11:53 | Construir | House |
| 12:23 | Investigar | Castle Age |
| 12:46 | Investigar | Double-Bit Axe |
| 13:04 | Construir | Mining Camp |
| 13:43 | Investigar | Loom |
| 14:10 | Construir | Stone Wall |
| 15:03 | Edad | Edad de los Castillos |
| 15:22 | Crear | Villager (Male) |
| 15:43 | Crear | Villager (Male) |
| 15:53 | Construir | Farm |
| 15:55 | Construir | Farm |
| 15:56 | Construir | Farm |
| 15:57 | Construir | Farm |
| 15:59 | Construir | Farm |
| 16:04 | Construir | Mining Camp |
| 16:21 | Construir | Farm |
| 16:23 | Construir | Farm |
| 16:25 | Crear | Villager (Male) |
| 16:28 | Construir | Farm |
| 16:31 | Construir | Farm |
| 16:38 | Crear | Villager (Male) |
| 16:40 | Crear | Villager (Male) |
| 17:05 | Construir | House |
| 17:06 | Construir | House |
| 17:19 | Investigar | Bow Saw |
| 17:40 | Construir | Town Center |
| 17:44 | Crear | Villager (Male) |
| 17:44 | Crear | Villager (Male) |
| 17:47 | Construir | Farm |
| 17:49 | Crear | Villager (Male) |
| 18:04 | Crear | Villager (Male) |
| 18:10 | Crear | Villager (Male) |
| 18:13 | Construir | Farm |
| 18:18 | Construir | House |
| 18:21 | Construir | House |
| 18:43 | Construir | Farm |
| 18:51 | Crear | Villager (Male) |
| 18:52 | Crear | Villager (Male) |
| 18:55 | Crear | Villager (Male) |
| 18:55 | Crear | Villager (Male) |
| 19:01 | Construir | Farm |
| 19:22 | Construir | House |
| 19:23 | Construir | House |
| 19:25 | Construir | House |
| 19:30 | Construir | Farm |
| 19:33 | Crear | Villager (Male) |
| 19:38 | Construir | Farm |
| 19:53 | Construir | Town Center |
| 20:02 | Construir | Farm |
| 20:05 | Crear | Villager (Male) |
| 20:06 | Crear | Villager (Male) |
| 20:07 | Crear | Villager (Male) |
| 20:26 | Construir | House |
| 20:32 | Crear | Villager (Male) |
| 20:33 | Crear | Villager (Male) |
| 21:12 | Construir | Stone Wall |
| 21:17 | Crear | Villager (Male) ×5 |
| 21:38 | Construir | Farm |
| 21:44 | Construir | Farm |
| 21:48 | Crear | Villager (Male) |
| 21:48 | Crear | Villager (Male) |
| 21:49 | Crear | Villager (Male) |
| 22:12 | Construir | Town Center |
| 22:19 | Construir | House |
| 22:20 | Construir | House |
| 22:21 | Construir | House |
| 22:24 | Crear | Villager (Male) ×5 |
| 22:36 | Investigar | Stone Mining |
| 22:37 | Investigar | Gold Mining |
| 22:41 | Investigar | Stone Mining |
| 22:47 | Investigar | Stone Mining |
| 22:50 | Crear | Villager (Male) |
| 22:51 | Crear | Villager (Male) |
| 22:52 | Crear | Villager (Male) |
| 22:59 | Construir | Farm |
| 23:02 | Construir | Farm |
| 23:04 | Construir | Farm |
| 23:12 | Crear | Villager (Male) |
| 23:12 | Crear | Villager (Male) |
| 23:13 | Crear | Villager (Male) |
| 23:13 | Crear | Villager (Male) |
| 23:17 | Construir | House |
| 23:19 | Construir | House |
| 23:19 | Construir | House |
| 23:38 | Construir | Monastery |
| 23:53 | Construir | House |
| 23:54 | Construir | House |
| 23:58 | Crear | Villager (Male) |
| 23:58 | Crear | Villager (Male) |
| 23:59 | Crear | Villager (Male) |
| 24:00 | Crear | Villager (Male) |
| 24:01 | Crear | Villager (Male) |
| 24:04 | Construir | Farm |
| 24:07 | Construir | Farm |
| 24:10 | Construir | Farm |
| 24:17 | Construir | Farm |
| 24:23 | Crear | Monk |
| 24:26 | Construir | Farm |
| 24:34 | Construir | University |
| 24:38 | Crear | Villager (Male) |
| 24:38 | Crear | Villager (Male) |
| 24:39 | Crear | Villager (Male) |
| 24:45 | Investigar | Gold Shaft Mining |
| 24:49 | Crear | Villager (Male) |
| 25:01 | Construir | Farm |
| 25:07 | Construir | Farm |
Build order — shenyany
Primeras 150 de 311 acciones detectadas
| 0:12 | Construir | House |
| 0:15 | Crear | Villager (Male) |
| 0:15 | Crear | Villager (Male) |
| 0:15 | Crear | Villager (Male) |
| 0:20 | Crear | Villager (Male) |
| 0:20 | Crear | Villager (Male) |
| 0:26 | Construir | House |
| 0:31 | Construir | House |
| 2:02 | Crear | Villager (Male) |
| 2:02 | Crear | Villager (Male) |
| 2:03 | Investigar | Loom |
| 2:30 | Crear | Villager (Male) |
| 3:16 | Crear | Villager (Male) |
| 3:17 | Crear | Villager (Male) |
| 4:07 | Construir | Mill |
| 4:13 | Crear | Villager (Male) |
| 4:13 | Crear | Villager (Male) |
| 4:56 | Crear | Villager (Male) |
| 5:43 | Crear | Villager (Male) |
| 5:49 | Crear | Villager (Male) |
| 6:51 | Crear | Villager (Male) |
| 6:52 | Crear | Villager (Male) |
| 7:20 | Construir | Palisade Wall |
| 7:39 | Construir | Palisade Wall |
| 7:59 | Crear | Villager (Male) |
| 8:45 | Construir | Lumber Camp |
| 9:22 | Crear | Villager (Male) |
| 9:22 | Crear | Villager (Male) |
| 9:49 | Construir | Palisade Wall |
| 10:06 | Construir | House |
| 10:39 | Investigar | Feudal Age |
| 11:04 | Construir | Palisade Wall |
| 11:28 | Construir | House |
| 12:27 | Construir | Mining Camp |
| 12:37 | Crear | Villager (Male) |
| 13:03 | Edad | Edad Feudal |
| 13:15 | Crear | Villager (Male) |
| 13:37 | Construir | Blacksmith |
| 14:09 | Investigar | Horse Collar |
| 14:32 | Construir | Farm |
| 14:35 | Crear | Villager (Male) |
| 15:10 | Construir | Farm |
| 15:15 | Crear | Villager (Male) |
| 15:56 | Construir | Mill |
| 16:05 | Construir | Farm |
| 16:29 | Construir | Market |
| 16:33 | Crear | Villager (Male) |
| 16:33 | Crear | Villager (Male) |
| 17:10 | Construir | House |
| 17:12 | Construir | House |
| 17:12 | Construir | House |
| 17:14 | Construir | House |
| 17:16 | Construir | House |
| 17:29 | Construir | Farm |
| 17:31 | Investigar | Castle Age |
| 17:37 | Investigar | Double-Bit Axe |
| 18:56 | Crear | Villager (Male) |
| 18:56 | Crear | Villager (Male) |
| 19:42 | Construir | House |
| 19:44 | Construir | House |
| 19:45 | Construir | House |
| 19:46 | Construir | House |
| 20:11 | Edad | Edad de los Castillos |
| 20:18 | Construir | Town Center |
| 20:29 | Crear | Villager (Male) |
| 20:29 | Crear | Villager (Male) |
| 20:43 | Construir | Farm |
| 20:44 | Construir | Farm |
| 20:47 | Construir | Farm |
| 20:48 | Construir | Farm |
| 20:52 | Crear | Villager (Male) |
| 21:14 | Crear | Villager (Male) |
| 21:34 | Construir | Monastery |
| 21:44 | Crear | Villager (Male) |
| 21:44 | Crear | Villager (Male) |
| 21:49 | Crear | Villager (Male) |
| 21:50 | Crear | Villager (Male) |
| 21:58 | Crear | Villager (Male) |
| 21:58 | Crear | Villager (Male) |
| 22:21 | Construir | Barracks |
| 22:44 | Crear | Villager (Male) |
| 22:45 | Crear | Villager (Male) |
| 22:53 | Construir | Town Center |
| 22:59 | Crear | Villager (Male) |
| 23:00 | Crear | Villager (Male) |
| 23:07 | Crear | Villager (Male) |
| 23:40 | Construir | Siege Workshop |
| 24:07 | Construir | Gate |
| 24:08 | Construir | Gate |
| 24:16 | Construir | Stone Wall |
| 24:19 | Construir | Stone Wall |
| 24:36 | Construir | Siege Workshop |
| 24:40 | Crear | Scorpion |
| 24:40 | Crear | Scorpion |
| 24:59 | Crear | Villager (Male) |
| 25:00 | Crear | Villager (Male) |
| 25:11 | Construir | Town Center |
| 25:24 | Crear | Monk |
| 25:44 | Construir | Farm |
| 25:46 | Construir | Farm |
| 25:47 | Construir | Farm |
| 25:49 | Construir | Farm |
| 25:53 | Construir | Farm |
| 25:54 | Construir | Farm |
| 25:56 | Construir | Farm |
| 25:58 | Construir | Farm |
| 25:59 | Construir | Farm |
| 26:00 | Construir | Farm |
| 26:02 | Construir | Farm |
| 26:04 | Construir | Farm |
| 26:09 | Crear | Villager (Male) |
| 26:09 | Crear | Villager (Male) |
| 26:09 | Crear | Villager (Male) |
| 26:10 | Crear | Villager (Male) |
| 26:10 | Crear | Villager (Male) |
| 26:14 | Crear | Villager (Male) |
| 26:15 | Crear | Villager (Male) |
| 26:15 | Crear | Villager (Male) |
| 26:15 | Crear | Villager (Male) |
| 26:22 | Crear | Villager (Male) |
| 26:23 | Crear | Villager (Male) |
| 26:23 | Crear | Villager (Male) |
| 26:32 | Investigar | Fletching |
| 26:42 | Crear | Villager (Male) |
| 26:42 | Crear | Villager (Male) |
| 26:43 | Crear | Villager (Male) |
| 27:09 | Crear | Villager (Male) |
| 27:31 | Crear | Villager (Male) |
| 27:35 | Crear | Villager (Male) |
| 27:56 | Crear | Iron Pagoda |
| 28:00 | Crear | Scorpion |
| 28:07 | Crear | Spearman |
| 28:25 | Crear | Villager (Male) |
| 28:35 | Crear | Villager (Male) |
| 29:08 | Construir | House |
| 29:09 | Construir | House |
| 29:10 | Construir | House |
| 29:11 | Construir | House |
| 29:12 | Construir | House |
| 29:20 | Crear | Villager (Male) |
| 29:20 | Crear | Villager (Male) |
| 29:20 | Crear | Villager (Male) |
| 29:21 | Crear | Villager (Male) |
| 29:29 | Crear | Villager (Male) |
| 29:29 | Crear | Villager (Male) |
| 29:29 | Crear | Villager (Male) |
| 29:38 | Construir | Farm |
| 29:39 | Construir | Farm |
| 29:41 | Construir | Farm |
| 29:42 | Construir | Farm |
Build order — noze02
Primeras 150 de 254 acciones detectadas
| 0:10 | Investigar | Loom |
| 0:38 | Construir | House |
| 1:27 | Crear | Villager (Male) |
| 1:27 | Crear | Villager (Male) |
| 2:39 | Crear | Villager (Male) |
| 2:39 | Crear | Villager (Male) |
| 4:08 | Crear | Villager (Male) |
| 4:09 | Crear | Villager (Male) |
| 4:09 | Crear | Villager (Male) |
| 4:09 | Crear | Villager (Male) |
| 4:09 | Crear | Villager (Male) |
| 4:10 | Crear | Villager (Male) |
| 4:39 | Construir | Mill |
| 5:15 | Crear | Villager (Male) |
| 5:15 | Crear | Villager (Male) |
| 7:06 | Crear | Villager (Male) |
| 7:06 | Crear | Villager (Male) |
| 7:07 | Crear | Villager (Male) |
| 7:16 | Crear | Villager (Male) |
| 7:17 | Crear | Villager (Male) |
| 8:48 | Crear | Villager (Male) |
| 8:49 | Crear | Villager (Male) |
| 8:49 | Crear | Villager (Male) |
| 9:14 | Construir | Palisade Wall |
| 9:37 | Construir | House |
| 10:35 | Crear | Villager (Male) |
| 10:36 | Crear | Villager (Male) |
| 10:50 | Construir | Lumber Camp |
| 12:02 | Investigar | Feudal Age |
| 12:15 | Construir | Farm |
| 12:20 | Construir | Farm |
| 12:24 | Construir | Farm |
| 12:32 | Construir | Farm |
| 13:02 | Construir | Farm |
| 13:08 | Construir | Farm |
| 13:44 | Construir | Farm |
| 14:12 | Edad | Edad Feudal |
| 14:20 | Construir | House |
| 14:23 | Investigar | Wheelbarrow |
| 14:30 | Investigar | Double-Bit Axe |
| 15:03 | Investigar | Horse Collar |
| 15:30 | Crear | Villager (Male) |
| 15:30 | Crear | Villager (Male) |
| 15:31 | Crear | Villager (Male) |
| 15:31 | Crear | Villager (Male) |
| 15:31 | Crear | Villager (Male) |
| 15:52 | Construir | Mining Camp |
| 16:12 | Construir | Watch Tower |
| 16:37 | Crear | Villager (Male) |
| 16:37 | Crear | Villager (Male) |
| 16:48 | Construir | House |
| 16:53 | Construir | House |
| 16:59 | Construir | House |
| 17:10 | Construir | Farm |
| 17:19 | Construir | Farm |
| 17:30 | Construir | Farm |
| 17:58 | Construir | Lumber Camp |
| 18:18 | Investigar | Gold Mining |
| 18:21 | Crear | Villager (Male) |
| 18:21 | Crear | Villager (Male) |
| 18:21 | Crear | Villager (Male) |
| 18:21 | Crear | Villager (Male) |
| 18:22 | Crear | Villager (Male) |
| 18:22 | Crear | Villager (Male) |
| 18:48 | Investigar | Stone Mining |
| 18:56 | Construir | Mining Camp |
| 19:08 | Construir | Farm |
| 19:16 | Construir | Farm |
| 19:37 | Construir | Farm |
| 19:50 | Construir | Market |
| 20:43 | Crear | Villager (Male) |
| 20:43 | Crear | Villager (Male) |
| 20:44 | Crear | Villager (Male) |
| 21:03 | Construir | Blacksmith |
| 21:27 | Crear | Villager (Male) |
| 21:28 | Crear | Villager (Male) |
| 22:04 | Construir | Stone Wall |
| 22:21 | Construir | Stone Wall |
| 22:44 | Investigar | Castle Age |
| 23:04 | Construir | Barracks |
| 24:05 | Construir | Stone Wall |
| 25:03 | Construir | Archery Range |
| 25:36 | Edad | Edad de los Castillos |
| 26:07 | Investigar | Hand Cart |
| 26:10 | Investigar | Heavy Plow |
| 26:15 | Investigar | Bow Saw |
| 26:19 | Investigar | Gold Shaft Mining |
| 26:22 | Investigar | Stone Shaft Mining |
| 26:32 | Construir | Siege Workshop |
| 26:41 | Construir | Siege Workshop |
| 27:17 | Crear | Villager (Male) |
| 27:17 | Crear | Villager (Male) |
| 27:18 | Crear | Villager (Male) |
| 27:18 | Crear | Villager (Male) |
| 27:31 | Construir | Town Center |
| 28:10 | Construir | Town Center |
| 28:40 | Crear | Villager (Male) |
| 28:40 | Crear | Villager (Male) |
| 28:40 | Crear | Villager (Male) |
| 28:41 | Crear | Villager (Male) |
| 28:45 | Crear | Villager (Male) |
| 28:46 | Crear | Villager (Male) |
| 28:46 | Crear | Villager (Male) |
| 28:46 | Crear | Villager (Male) |
| 29:06 | Construir | Siege Workshop |
| 29:42 | Construir | House |
| 29:46 | Construir | House |
| 29:49 | Construir | House |
| 29:53 | Construir | House |
| 29:58 | Construir | House |
| 30:07 | Investigar | Town Watch |
| 30:15 | Construir | Farm |
| 30:19 | Construir | Farm |
| 30:37 | Crear | Villager (Male) |
| 30:37 | Crear | Villager (Male) |
| 30:37 | Crear | Villager (Male) |
| 30:37 | Crear | Villager (Male) |
| 30:38 | Crear | Villager (Male) |
| 30:41 | Investigar | Town Patrol |
| 30:44 | Crear | Villager (Male) |
| 30:44 | Crear | Villager (Male) |
| 30:45 | Crear | Villager (Male) |
| 30:45 | Crear | Villager (Male) |
| 30:45 | Crear | Villager (Male) |
| 30:45 | Crear | Villager (Male) |
| 30:45 | Crear | Villager (Male) |
| 30:46 | Crear | Villager (Male) |
| 30:46 | Crear | Villager (Male) |
| 30:46 | Crear | Villager (Male) |
| 30:47 | Crear | Villager (Male) |
| 31:09 | Construir | Mining Camp |
| 31:47 | Construir | Castle |
| 31:56 | Construir | Monastery |
| 32:14 | Construir | Farm |
| 32:31 | Crear | Villager (Male) |
| 32:31 | Crear | Villager (Male) |
| 32:31 | Crear | Villager (Male) |
| 32:31 | Crear | Villager (Male) |
| 32:32 | Crear | Villager (Male) |
| 32:40 | Construir | Farm |
| 32:50 | Investigar | Imperial Age |
| 33:16 | Crear | Monk |
| 33:49 | Construir | Farm |
| 33:53 | Construir | Farm |
| 34:02 | Construir | Farm |
| 34:06 | Crear | Villager (Male) |
| 34:06 | Crear | Villager (Male) |
| 34:07 | Crear | Villager (Male) |
| 34:07 | Crear | Villager (Male) |
| 34:07 | Crear | Villager (Male) |
Build order — xxy
Primeras 150 de 500 acciones detectadas
| 0:03 | Construir | House |
| 0:04 | Construir | House |
| 0:05 | Crear | Villager (Male) |
| 0:05 | Crear | Villager (Male) |
| 0:05 | Crear | Villager (Male) |
| 0:06 | Crear | Villager (Male) |
| 0:06 | Crear | Villager (Male) |
| 1:29 | Crear | Villager (Male) |
| 2:00 | Crear | Villager (Male) |
| 2:30 | Crear | Villager (Male) |
| 3:02 | Crear | Villager (Male) |
| 3:06 | Construir | Lumber Camp |
| 3:19 | Crear | Villager (Male) |
| 3:30 | Construir | House |
| 3:57 | Crear | Villager (Male) |
| 3:58 | Crear | Villager (Male) |
| 4:35 | Crear | Villager (Male) |
| 5:12 | Crear | Villager (Male) |
| 5:22 | Construir | House |
| 5:31 | Crear | Villager (Male) |
| 5:56 | Crear | Villager (Male) |
| 6:31 | Construir | Mill |
| 6:32 | Crear | Villager (Male) |
| 7:03 | Investigar | Feudal Age |
| 7:33 | Crear | Villager (Male) |
| 7:57 | Construir | Mill |
| 8:13 | Construir | House |
| 8:19 | Construir | House |
| 8:52 | Crear | Villager (Male) |
| 9:14 | Edad | Edad Feudal |
| 9:19 | Construir | Stone Wall |
| 9:38 | Construir | Mining Camp |
| 9:46 | Crear | Villager (Male) |
| 10:31 | Construir | Mill |
| 10:49 | Crear | Villager (Male) |
| 10:55 | Crear | Villager (Male) |
| 11:22 | Construir | Market |
| 11:40 | Crear | Villager (Male) |
| 12:10 | Crear | Villager (Male) |
| 12:18 | Crear | Villager (Male) |
| 12:56 | Construir | Blacksmith |
| 12:58 | Crear | Villager (Male) |
| 13:27 | Investigar | Castle Age |
| 13:33 | Investigar | Double-Bit Axe |
| 13:52 | Construir | House |
| 13:53 | Construir | House |
| 13:54 | Construir | House |
| 13:55 | Construir | House |
| 14:05 | Construir | Gate |
| 14:21 | Crear | Villager (Male) |
| 14:29 | Construir | Dock |
| 15:08 | Construir | Mining Camp |
| 15:10 | Crear | Villager (Male) |
| 15:16 | Crear | Villager (Male) |
| 15:53 | Investigar | Wheelbarrow |
| 16:07 | Edad | Edad de los Castillos |
| 16:10 | Construir | Town Center |
| 16:16 | Crear | Villager (Male) |
| 16:33 | Construir | House |
| 16:34 | Construir | House |
| 16:48 | Crear | Villager (Male) |
| 17:02 | Crear | Villager (Male) |
| 17:13 | Construir | House |
| 17:17 | Crear | Villager (Male) |
| 17:22 | Crear | Villager (Male) |
| 17:26 | Crear | Villager (Male) |
| 17:26 | Crear | Villager (Male) |
| 17:27 | Crear | Villager (Male) |
| 17:27 | Crear | Villager (Male) |
| 17:33 | Crear | Villager (Male) |
| 17:55 | Construir | Town Center |
| 17:56 | Crear | Villager (Male) |
| 18:06 | Construir | House |
| 18:16 | Construir | Farm |
| 18:27 | Construir | Farm |
| 18:38 | Construir | House |
| 18:43 | Crear | Villager (Male) |
| 18:44 | Construir | Farm |
| 18:59 | Construir | Farm |
| 19:04 | Crear | Villager (Male) |
| 19:06 | Construir | Farm |
| 19:19 | Construir | House |
| 19:23 | Crear | Villager (Male) |
| 19:31 | Construir | Farm |
| 19:39 | Crear | Villager (Male) |
| 19:47 | Construir | Farm |
| 19:56 | Crear | Villager (Male) |
| 19:59 | Construir | House |
| 20:05 | Construir | Farm |
| 20:08 | Construir | Farm |
| 20:10 | Construir | Farm |
| 20:14 | Crear | Villager (Male) |
| 20:26 | Construir | Farm |
| 20:27 | Construir | Farm |
| 20:28 | Construir | Farm |
| 20:31 | Crear | Villager (Male) |
| 20:31 | Investigar | Loom |
| 20:37 | Construir | House |
| 20:47 | Construir | Farm |
| 20:50 | Crear | Villager (Male) |
| 21:02 | Investigar | Bow Saw |
| 21:16 | Construir | Monastery |
| 21:20 | Crear | Villager (Male) |
| 21:27 | Construir | Farm |
| 21:32 | Construir | Farm |
| 21:38 | Crear | Villager (Male) |
| 21:42 | Crear | Villager (Male) |
| 21:48 | Crear | Villager (Male) |
| 21:48 | Crear | Villager (Male) |
| 21:53 | Crear | Villager (Male) |
| 22:07 | Construir | Farm |
| 22:11 | Construir | Farm |
| 22:14 | Crear | Fishing Ship |
| 22:20 | Construir | Town Center |
| 22:23 | Crear | Monk |
| 22:26 | Crear | Villager (Male) |
| 22:36 | Crear | Villager (Male) |
| 22:39 | Construir | Farm |
| 22:47 | Investigar | Horse Collar |
| 22:50 | Crear | Villager (Male) |
| 22:55 | Construir | Farm |
| 23:09 | Construir | Farm |
| 23:13 | Crear | Villager (Male) |
| 23:17 | Crear | Villager (Male) |
| 23:20 | Crear | Villager (Male) |
| 23:22 | Construir | Farm |
| 23:25 | Crear | Villager (Male) |
| 23:31 | Crear | Villager (Male) |
| 23:39 | Construir | Monastery |
| 23:41 | Investigar | Heavy Plow |
| 23:44 | Crear | Villager (Male) |
| 23:48 | Construir | Farm |
| 23:52 | Construir | Farm |
| 23:53 | Crear | Villager (Male) |
| 24:14 | Crear | Monk |
| 24:17 | Crear | Villager (Male) |
| 24:29 | Construir | Mill |
| 24:30 | Construir | Farm |
| 24:31 | Construir | Farm |
| 24:32 | Construir | Farm |
| 24:34 | Construir | Farm |
| 24:36 | Construir | Farm |
| 24:43 | Crear | Villager (Male) |
| 24:46 | Crear | Villager (Male) |
| 25:06 | Crear | Fishing Ship |
| 25:21 | Crear | Villager (Male) |
| 25:22 | Crear | Villager (Male) |
| 25:28 | Crear | Villager (Male) |
| 25:39 | Crear | Monk |
| 25:49 | Construir | University |
Build order — juhamate7
Primeras 150 de 306 acciones detectadas
| 0:01 | Crear | Villager (Male) |
| 0:01 | Crear | Villager (Male) |
| 0:01 | Crear | Villager (Male) |
| 0:08 | Construir | House |
| 0:11 | Construir | House |
| 0:44 | Crear | Villager (Male) |
| 0:44 | Crear | Villager (Male) |
| 1:14 | Construir | Palisade Wall |
| 1:20 | Construir | House |
| 1:48 | Construir | Palisade Wall |
| 1:49 | Crear | Villager (Male) |
| 1:50 | Crear | Villager (Male) |
| 2:22 | Crear | Villager (Male) |
| 2:22 | Crear | Villager (Male) |
| 2:46 | Crear | Villager (Male) |
| 2:47 | Crear | Villager (Male) |
| 3:29 | Construir | Lumber Camp |
| 3:31 | Crear | Villager (Male) |
| 3:31 | Crear | Villager (Male) |
| 3:32 | Crear | Villager (Male) |
| 4:29 | Crear | Villager (Male) |
| 4:30 | Crear | Villager (Male) |
| 5:14 | Crear | Villager (Male) |
| 5:15 | Crear | Villager (Male) |
| 5:21 | Construir | House |
| 5:47 | Crear | Villager (Male) |
| 6:49 | Crear | Villager (Male) |
| 6:49 | Crear | Villager (Male) |
| 7:08 | Construir | Mill |
| 7:10 | Crear | Villager (Male) |
| 7:22 | Construir | House |
| 7:58 | Crear | Villager (Male) |
| 8:13 | Crear | Villager (Male) |
| 8:13 | Crear | Villager (Male) |
| 9:29 | Crear | Villager (Male) |
| 9:29 | Crear | Villager (Male) |
| 9:51 | Crear | Villager (Male) |
| 9:59 | Investigar | Feudal Age |
| 10:02 | Construir | Mining Camp |
| 10:51 | Crear | Villager (Male) |
| 11:15 | Construir | House |
| 11:48 | Construir | House |
| 12:29 | Edad | Edad Feudal |
| 12:31 | Construir | Market |
| 12:59 | Construir | Blacksmith |
| 13:54 | Investigar | Castle Age |
| 15:03 | Construir | Farm |
| 15:03 | Construir | Farm |
| 15:03 | Construir | Farm |
| 15:04 | Construir | Farm |
| 15:04 | Construir | Farm |
| 15:04 | Construir | Farm |
| 15:06 | Construir | Farm |
| 16:34 | Edad | Edad de los Castillos |
| 16:37 | Construir | Town Center |
| 17:16 | Crear | Villager (Male) |
| 17:16 | Crear | Villager (Male) |
| 17:17 | Crear | Villager (Male) |
| 17:33 | Construir | Farm |
| 17:42 | Construir | Town Center |
| 17:52 | Crear | Villager (Male) |
| 18:05 | Construir | Mining Camp |
| 18:08 | Investigar | Double-Bit Axe |
| 19:08 | Investigar | Bow Saw |
| 19:08 | Crear | Villager (Male) |
| 19:09 | Crear | Villager (Male) |
| 19:09 | Crear | Villager (Male) |
| 19:10 | Crear | Villager (Male) |
| 19:10 | Crear | Villager (Male) |
| 19:11 | Crear | Villager (Male) |
| 19:12 | Crear | Villager (Male) |
| 19:13 | Crear | Villager (Male) |
| 19:22 | Construir | House |
| 19:24 | Construir | House |
| 19:59 | Crear | Villager (Male) |
| 20:00 | Crear | Villager (Male) |
| 20:00 | Crear | Villager (Male) |
| 20:04 | Construir | Farm |
| 20:05 | Construir | Farm |
| 21:05 | Construir | Farm |
| 21:06 | Construir | Farm |
| 21:07 | Crear | Villager (Male) |
| 21:08 | Crear | Villager (Male) |
| 21:09 | Crear | Villager (Male) |
| 21:10 | Crear | Villager (Male) |
| 21:10 | Crear | Villager (Male) |
| 21:10 | Crear | Villager (Male) |
| 22:09 | Construir | Farm |
| 22:12 | Construir | Farm |
| 22:20 | Construir | House |
| 22:21 | Construir | House |
| 22:22 | Construir | House |
| 22:23 | Construir | House |
| 22:25 | Construir | House |
| 22:27 | Construir | House |
| 22:29 | Crear | Villager (Male) |
| 22:30 | Investigar | Wheelbarrow |
| 22:31 | Crear | Villager (Male) |
| 22:32 | Crear | Villager (Male) |
| 22:41 | Construir | Monastery |
| 22:44 | Crear | Villager (Male) |
| 22:44 | Crear | Villager (Male) |
| 22:52 | Investigar | Horse Collar |
| 23:30 | Crear | Villager (Male) |
| 23:31 | Crear | Villager (Male) |
| 23:42 | Crear | Villager (Male) |
| 23:43 | Crear | Villager (Male) |
| 23:44 | Crear | Villager (Male) |
| 23:49 | Construir | Farm |
| 23:53 | Crear | Villager (Male) |
| 24:01 | Crear | Villager (Male) |
| 24:04 | Crear | Villager (Male) |
| 24:05 | Crear | Villager (Male) |
| 24:10 | Crear | Monk |
| 24:39 | Crear | Villager (Male) |
| 24:40 | Crear | Villager (Male) |
| 24:41 | Crear | Villager (Male) |
| 24:43 | Crear | Villager (Male) |
| 24:49 | Construir | Farm |
| 24:56 | Construir | Farm |
| 24:57 | Crear | Villager (Male) |
| 24:58 | Crear | Villager (Male) |
| 25:05 | Construir | House |
| 25:06 | Construir | House |
| 25:08 | Construir | House |
| 25:10 | Construir | House |
| 25:32 | Construir | Castle |
| 25:41 | Investigar | Heavy Plow |
| 25:44 | Construir | Farm |
| 25:47 | Crear | Villager (Male) |
| 25:48 | Crear | Villager (Male) |
| 25:53 | Construir | Farm |
| 25:54 | Construir | Farm |
| 25:57 | Construir | Farm |
| 26:01 | Construir | Farm |
| 26:11 | Construir | Farm |
| 26:12 | Crear | Villager (Male) |
| 26:13 | Crear | Villager (Male) |
| 26:13 | Crear | Villager (Male) |
| 26:14 | Crear | Villager (Male) |
| 26:16 | Crear | Villager (Male) |
| 26:21 | Construir | Farm |
| 26:22 | Construir | Farm |
| 26:25 | Construir | Farm |
| 26:26 | Construir | Farm |
| 27:41 | Construir | Siege Workshop |
| 27:46 | Construir | Siege Workshop |
| 28:29 | Crear | Villager (Male) |
| 28:30 | Crear | Villager (Male) |
| 28:30 | Crear | Villager (Male) |
Build order — 玛卡巴卡izz
Primeras 150 de 222 acciones detectadas
| 0:03 | Construir | House |
| 0:06 | Construir | House |
| 0:08 | Crear | Villager (Male) |
| 0:29 | Crear | Villager (Male) |
| 0:49 | Crear | Villager (Male) |
| 1:12 | Crear | Villager (Male) |
| 1:36 | Construir | Palisade Wall |
| 2:25 | Crear | Villager (Male) |
| 2:25 | Crear | Villager (Male) |
| 2:34 | Construir | Palisade Wall |
| 2:58 | Construir | Mill |
| 3:33 | Crear | Villager (Male) |
| 3:35 | Crear | Villager (Male) |
| 4:06 | Crear | Villager (Male) |
| 5:14 | Construir | House |
| 5:29 | Crear | Villager (Male) |
| 5:30 | Crear | Villager (Male) |
| 5:30 | Crear | Villager (Male) |
| 5:46 | Construir | House |
| 5:47 | Construir | House |
| 5:58 | Crear | Villager (Male) |
| 7:21 | Construir | Lumber Camp |
| 8:36 | Investigar | Feudal Age |
| 10:46 | Edad | Edad Feudal |
| 10:48 | Crear | Villager (Male) |
| 10:48 | Crear | Villager (Male) |
| 10:49 | Crear | Villager (Male) |
| 10:50 | Crear | Villager (Male) |
| 11:25 | Construir | Mining Camp |
| 12:01 | Crear | Villager (Male) |
| 12:14 | Crear | Villager (Male) |
| 12:30 | Investigar | Horse Collar |
| 13:05 | Crear | Villager (Male) |
| 13:14 | Construir | Farm |
| 13:16 | Crear | Villager (Male) |
| 13:28 | Construir | Farm |
| 13:33 | Construir | Farm |
| 13:36 | Construir | Farm |
| 13:39 | Construir | Farm |
| 13:43 | Construir | Farm |
| 13:46 | Crear | Villager (Male) |
| 13:59 | Investigar | Loom |
| 14:05 | Construir | Farm |
| 14:09 | Construir | Farm |
| 14:13 | Construir | Farm |
| 14:47 | Crear | Villager (Male) |
| 15:03 | Crear | Villager (Male) |
| 15:13 | Construir | Lumber Camp |
| 15:19 | Crear | Villager (Male) |
| 15:27 | Investigar | Double-Bit Axe |
| 15:37 | Crear | Villager (Male) |
| 15:56 | Crear | Villager (Male) |
| 16:04 | Construir | House |
| 16:06 | Construir | House |
| 16:07 | Construir | House |
| 16:08 | Construir | House |
| 16:10 | Construir | House |
| 16:11 | Construir | House |
| 16:21 | Crear | Villager (Male) |
| 16:50 | Construir | Mining Camp |
| 17:20 | Construir | Blacksmith |
| 17:37 | Crear | Villager (Male) |
| 17:41 | Crear | Villager (Male) |
| 18:00 | Construir | Market |
| 18:16 | Construir | Farm |
| 18:26 | Crear | Villager (Male) |
| 18:50 | Construir | Farm |
| 18:55 | Investigar | Castle Age |
| 21:35 | Edad | Edad de los Castillos |
| 21:37 | Crear | Villager (Male) |
| 21:37 | Crear | Villager (Male) |
| 21:38 | Crear | Villager (Male) |
| 21:38 | Crear | Villager (Male) |
| 21:39 | Crear | Villager (Male) |
| 21:39 | Crear | Villager (Male) |
| 22:08 | Construir | Mill |
| 22:36 | Construir | Town Center |
| 22:40 | Crear | Villager (Male) |
| 22:49 | Construir | Farm |
| 22:52 | Crear | Villager (Male) |
| 22:55 | Construir | Farm |
| 23:00 | Investigar | Heavy Plow |
| 23:14 | Investigar | Gold Mining |
| 23:15 | Investigar | Stone Mining |
| 23:31 | Construir | Monastery |
| 23:36 | Crear | Villager (Male) |
| 23:37 | Crear | Villager (Male) |
| 24:09 | Crear | Villager (Male) |
| 24:12 | Construir | House |
| 24:14 | Construir | House |
| 24:15 | Construir | House |
| 24:16 | Construir | House |
| 24:17 | Construir | House |
| 24:19 | Construir | House |
| 24:21 | Construir | House |
| 24:34 | Construir | University |
| 24:38 | Crear | Villager (Male) |
| 24:43 | Construir | Farm |
| 24:57 | Construir | Farm |
| 25:07 | Construir | Farm |
| 25:11 | Crear | Villager (Male) |
| 25:12 | Crear | Villager (Male) |
| 25:12 | Crear | Villager (Male) |
| 25:12 | Crear | Villager (Male) |
| 25:12 | Crear | Villager (Male) |
| 25:13 | Crear | Villager (Male) |
| 25:21 | Construir | Mining Camp |
| 25:36 | Construir | Farm |
| 25:41 | Crear | Villager (Male) |
| 25:41 | Crear | Villager (Male) |
| 25:41 | Crear | Villager (Male) |
| 25:42 | Crear | Villager (Male) |
| 26:00 | Construir | Mining Camp |
| 26:22 | Construir | Mining Camp |
| 26:38 | Construir | Farm |
| 26:43 | Construir | Farm |
| 26:58 | Construir | Farm |
| 27:01 | Construir | Farm |
| 27:08 | Construir | Lumber Camp |
| 27:12 | Crear | Villager (Male) |
| 27:16 | Crear | Villager (Male) |
| 27:18 | Crear | Villager (Male) |
| 27:26 | Construir | Farm |
| 27:31 | Construir | Farm |
| 27:46 | Construir | House |
| 27:49 | Construir | House |
| 27:51 | Construir | House |
| 27:53 | Construir | House |
| 27:54 | Construir | House |
| 27:55 | Construir | House |
| 27:56 | Construir | House |
| 28:10 | Investigar | Imperial Age |
| 28:15 | Construir | Farm |
| 28:22 | Construir | Farm |
| 28:37 | Investigar | Coinage |
| 28:45 | Construir | Farm |
| 28:54 | Investigar | Bow Saw |
| 29:22 | Crear | Villager (Male) |
| 29:22 | Crear | Villager (Male) |
| 29:22 | Crear | Villager (Male) |
| 29:23 | Crear | Villager (Male) |
| 29:23 | Crear | Villager (Male) |
| 29:32 | Construir | Farm |
| 29:38 | Construir | Farm |
| 30:18 | Investigar | Wheelbarrow |
| 30:21 | Investigar | Town Watch |
| 30:45 | Investigar | Stone Shaft Mining |
| 31:20 | Edad | Edad Imperial |
| 31:27 | Crear | Villager (Male) |
| 31:27 | Crear | Villager (Male) |
Build order — 626464865
Primeras 150 de 246 acciones detectadas
| 0:22 | Crear | Villager (Male) |
| 1:02 | Construir | House |
| 1:12 | Crear | Villager (Male) |
| 1:13 | Crear | Villager (Male) |
| 1:54 | Crear | Villager (Male) |
| 1:54 | Crear | Villager (Male) |
| 2:19 | Construir | Palisade Gate |
| 2:29 | Construir | Palisade Wall |
| 2:35 | Construir | Palisade Wall |
| 3:06 | Crear | Villager (Male) |
| 3:08 | Crear | Villager (Male) |
| 3:37 | Construir | House |
| 4:05 | Construir | Palisade Gate |
| 4:11 | Construir | Palisade Wall |
| 4:14 | Construir | Palisade Wall |
| 4:32 | Crear | Villager (Male) |
| 4:32 | Crear | Villager (Male) |
| 4:33 | Crear | Villager (Male) |
| 6:03 | Construir | Lumber Camp |
| 6:28 | Crear | Villager (Male) |
| 6:28 | Crear | Villager (Male) |
| 6:28 | Crear | Villager (Male) |
| 6:29 | Crear | Villager (Male) |
| 7:29 | Construir | House |
| 8:44 | Crear | Villager (Male) |
| 8:45 | Crear | Villager (Male) |
| 8:45 | Crear | Villager (Male) |
| 8:45 | Crear | Villager (Male) |
| 8:45 | Crear | Villager (Male) |
| 9:16 | Construir | Mill |
| 10:23 | Investigar | Feudal Age |
| 10:39 | Construir | House |
| 11:29 | Crear | Villager (Male) |
| 11:30 | Crear | Villager (Male) |
| 11:30 | Crear | Villager (Male) |
| 11:44 | Construir | Farm |
| 11:55 | Construir | Farm |
| 12:05 | Construir | Farm |
| 12:12 | Construir | Farm |
| 12:33 | Edad | Edad Feudal |
| 12:40 | Investigar | Double-Bit Axe |
| 12:47 | Investigar | Horse Collar |
| 13:03 | Construir | Farm |
| 13:22 | Crear | Villager (Male) |
| 13:23 | Crear | Villager (Male) |
| 13:28 | Construir | Farm |
| 13:50 | Construir | Farm |
| 13:56 | Construir | House |
| 14:09 | Construir | Farm |
| 14:15 | Crear | Villager (Male) |
| 14:15 | Crear | Villager (Male) |
| 14:22 | Construir | Mining Camp |
| 14:34 | Crear | Villager (Male) |
| 14:34 | Crear | Villager (Male) |
| 14:34 | Crear | Villager (Male) |
| 14:39 | Construir | House |
| 14:40 | Construir | House |
| 14:57 | Crear | Villager (Male) |
| 14:58 | Crear | Villager (Male) |
| 15:33 | Construir | Farm |
| 15:41 | Construir | Farm |
| 15:49 | Construir | House |
| 16:09 | Construir | Barracks |
| 16:36 | Construir | Farm |
| 17:10 | Construir | Blacksmith |
| 17:20 | Investigar | Gold Mining |
| 17:46 | Construir | Farm |
| 17:50 | Construir | Farm |
| 18:00 | Investigar | Wheelbarrow |
| 18:06 | Investigar | Scale Barding Armor |
| 19:14 | Construir | Market |
| 19:19 | Crear | Villager (Male) |
| 19:19 | Crear | Villager (Male) |
| 19:34 | Investigar | Man-at-Arms (upgrade) |
| 19:45 | Investigar | Stone Mining |
| 20:11 | Construir | Lumber Camp |
| 20:15 | Investigar | Castle Age |
| 20:55 | Construir | Mining Camp |
| 21:11 | Investigar | Forging |
| 21:30 | Crear | Militia |
| 21:30 | Crear | Militia |
| 21:39 | Crear | Villager (Male) |
| 21:39 | Crear | Villager (Male) |
| 22:13 | Investigar | Scale Mail Armor |
| 22:17 | Crear | Militia |
| 22:33 | Crear | Villager (Male) |
| 22:34 | Crear | Villager (Male) |
| 22:34 | Crear | Villager (Male) |
| 22:35 | Crear | Villager (Male) |
| 22:35 | Crear | Villager (Male) |
| 22:55 | Edad | Edad de los Castillos |
| 23:28 | Construir | Stable |
| 23:38 | Investigar | Bow Saw |
| 23:42 | Investigar | Heavy Plow |
| 23:53 | Construir | Town Center |
| 24:14 | Investigar | Chain Barding Armor |
| 24:21 | Construir | Farm |
| 24:34 | Construir | Farm |
| 24:37 | Investigar | Bloodlines |
| 25:16 | Construir | Farm |
| 25:19 | Crear | Villager (Male) |
| 25:20 | Crear | Villager (Male) |
| 25:22 | Crear | Knight |
| 25:23 | Crear | Knight |
| 25:53 | Construir | Farm |
| 26:00 | Construir | House |
| 26:03 | Construir | House |
| 26:22 | Construir | House |
| 26:23 | Construir | House |
| 26:25 | Construir | House |
| 26:27 | Construir | House |
| 26:31 | Construir | House |
| 26:41 | Investigar | Long Swordsman (upgrade) |
| 26:45 | Investigar | Iron Casting |
| 26:52 | Crear | Villager (Male) |
| 26:53 | Crear | Villager (Male) |
| 27:03 | Crear | Villager (Male) |
| 27:04 | Crear | Villager (Male) |
| 27:04 | Crear | Villager (Male) |
| 27:04 | Crear | Villager (Male) |
| 27:04 | Crear | Villager (Male) |
| 27:14 | Construir | Monastery |
| 27:19 | Crear | Knight |
| 27:19 | Crear | Knight |
| 27:54 | Construir | Farm |
| 28:09 | Crear | Monk |
| 28:09 | Crear | Monk |
| 28:15 | Construir | Farm |
| 28:24 | Construir | Farm |
| 28:40 | Investigar | Hand Cart |
| 28:46 | Construir | House |
| 28:47 | Construir | House |
| 28:59 | Crear | Knight |
| 29:01 | Crear | Knight |
| 29:26 | Construir | House |
| 29:26 | Construir | House |
| 29:26 | Construir | House |
| 29:27 | Construir | House |
| 29:27 | Construir | House |
| 29:28 | Construir | House |
| 29:34 | Crear | Knight |
| 29:49 | Crear | Villager (Male) |
| 29:49 | Crear | Villager (Male) |
| 29:50 | Crear | Villager (Male) |
| 30:30 | Construir | University |
| 31:16 | Construir | Farm |
| 31:20 | Construir | Farm |
| 31:26 | Crear | Villager (Male) |
| 31:26 | Crear | Villager (Male) |
| 31:34 | Construir | House |
Cronología de la partida
| 1:14 | juhamate7 · wall_segment Palisade Wall x2 |
| 1:29 | Enma Ai7591 · wall_segment Palisade Wall x8 |
| 1:36 | 玛卡巴卡izz · wall_segment Palisade Wall x9 |
| 1:48 | juhamate7 · wall_segment Palisade Wall x9 |
| 2:29 | 626464865 · wall_segment Palisade Wall x3 |
| 2:34 | 玛卡巴卡izz · wall_segment Palisade Wall x7 |
| 2:35 | 626464865 · wall_segment Palisade Wall x4 |
| 3:56 | 531055658123 · wall_segment Palisade Wall x1 |
| 3:56 | 531055658123 · wall_segment Palisade Wall x1 |
| 4:11 | 626464865 · wall_segment Palisade Wall x5 |
| 4:14 | 626464865 · wall_segment Palisade Wall x4 |
| 4:36 | Enma Ai7591 · wall_segment Palisade Wall x8 |
| 5:43 | Enma Ai7591 · wall_segment Palisade Wall x8 |
| 7:07 | Enma Ai7591 · wall_segment Palisade Wall x7 |
| 7:20 | shenyany · wall_segment Palisade Wall x13 |
| 7:39 | shenyany · wall_segment Palisade Wall x6 |
| 9:14 | xxy · age_up feudal |
| 9:14 | noze02 · wall_segment Palisade Wall x17 |
| 9:19 | xxy · wall_segment Stone Wall x11 |
| 9:22 | Enma Ai7591 · wall_segment Palisade Wall x14 |
| 9:36 | Enma Ai7591 · wall_segment Palisade Wall x2 |
| 9:49 | shenyany · wall_segment Palisade Wall x9 |
| 10:46 | 玛卡巴卡izz · age_up feudal |
| 11:00 | 531055658123 · age_up feudal |
| 11:04 | shenyany · wall_segment Palisade Wall x10 |
| 12:20 | 531055658123 · first_market_sell 100 stone |
| 12:29 | juhamate7 · age_up feudal |
| 12:33 | 626464865 · age_up feudal |
| 13:03 | shenyany · age_up feudal |
| 14:10 | 531055658123 · wall_segment Stone Wall x1 |
| 14:12 | noze02 · age_up feudal |
| 14:29 | xxy · first_building Dock |
| 15:03 | 531055658123 · age_up castle |
| 16:07 | xxy · age_up castle |
| 16:09 | 626464865 · first_building Barracks |
| 16:34 | juhamate7 · age_up castle |
| 16:57 | xxy · first_market_buy 100 food |
| 17:19 | Enma Ai7591 · first_building Dock |
| 18:22 | Enma Ai7591 · age_up feudal |
| 20:11 | shenyany · age_up castle |
| 21:12 | 531055658123 · wall_segment Stone Wall x1 |
| 21:16 | xxy · first_building Monastery |
| 21:34 | shenyany · first_building Monastery |
| 21:35 | 玛卡巴卡izz · age_up castle |
| 22:04 | noze02 · wall_segment Stone Wall x1 |
| 22:17 | Enma Ai7591 · first_market_sell 100 wood |
| 22:21 | shenyany · first_building Barracks |
| 22:21 | noze02 · wall_segment Stone Wall x7 |
| 22:40 | Enma Ai7591 · first_market_buy 100 food |
| 22:41 | juhamate7 · first_building Monastery |
| 22:55 | 626464865 · age_up castle |
| 23:04 | noze02 · first_building Barracks |
| 23:28 | 626464865 · first_building Stable |
| 23:31 | 玛卡巴卡izz · first_building Monastery |
| 23:38 | 531055658123 · first_building Monastery |
| 23:40 | shenyany · first_building Siege Workshop |
| 24:05 | noze02 · wall_segment Stone Wall x9 |
| 24:16 | shenyany · wall_segment Stone Wall x7 |
| 24:19 | shenyany · wall_segment Stone Wall x7 |
| 25:03 | noze02 · first_building Archery Range |
| 25:30 | Enma Ai7591 · age_up castle |
| 25:32 | juhamate7 · first_building Castle |
| 25:36 | noze02 · age_up castle |
| 26:32 | noze02 · first_building Siege Workshop |
| 27:14 | 626464865 · first_building Monastery |
| 27:41 | xxy · first_building Castle |
| 27:41 | juhamate7 · first_building Siege Workshop |
| 27:44 | xxy · first_building Siege Workshop |
| 27:47 | xxy · first_building Barracks |
| 28:33 | 531055658123 · first_building Barracks |
| 28:50 | juhamate7 · first_building Barracks |
| 28:54 | xxy · first_building Stable |
| 29:47 | xxy · first_building Archery Range |
| 29:58 | Enma Ai7591 · first_building Castle |
| 30:03 | xxy · age_up imperial |
| 30:14 | 531055658123 · first_building Stable |
| 30:36 | shenyany · first_building Dock |
| 30:46 | 531055658123 · age_up imperial |
| 30:59 | 531055658123 · first_building Castle |
| 31:20 | 玛卡巴卡izz · age_up imperial |
| 31:40 | shenyany · first_building Castle |
| 31:47 | noze02 · first_building Castle |
| 31:54 | shenyany · first_building Archery Range |
| 31:56 | noze02 · first_building Monastery |
| 32:17 | 531055658123 · first_building Siege Workshop |
| 32:42 | 玛卡巴卡izz · first_building Castle |
| 33:27 | 玛卡巴卡izz · first_building Barracks |
| 34:04 | juhamate7 · age_up imperial |
| 34:52 | 626464865 · first_building Castle |
| 35:16 | 626464865 · age_up imperial |
| 35:20 | 531055658123 · wall_segment Stone Wall x10 |
| 35:44 | Enma Ai7591 · first_building Barracks |
| 35:44 | 531055658123 · wall_segment Stone Wall x6 |
| 36:00 | noze02 · age_up imperial |
| 36:26 | Enma Ai7591 · first_building Stable |
| 36:54 | shenyany · age_up imperial |
| 39:03 | 玛卡巴卡izz · first_building Siege Workshop |
| 40:26 | shenyany · first_building Stable |
| 41:30 | 626464865 · first_building Siege Workshop |
| 44:34 | Enma Ai7591 · resign |
[ ANÁLISIS IA · 1 CRÉDITO ]
¿Qué pasó realmente en esta partida?
Wolo.gg analiza cada decisión: build order, eco, micro, errores típicos por bracket. Análisis personalizado por WhatsApp o Discord en 30 segundos.
Guía civ
Magiares
Guía mapa
Black Forest
Perfil
Jugador #25557849